 Dungeon Crawl Stone Soup version 0.28-a0-474-g535839065c (webtiles) character file.

Game seed: 1682434892627346767

1036 siradein the Shield-Bearer (level 8, -1/100 HPs)
             Began as a Gnoll Fighter on Sept 16, 2021.
             Slain by a water moccasin (7 damage)
             ... on level 5 of the Dungeon.
             The game lasted 00:22:11 (5853 turns).

siradein the Shield-Bearer (Gnoll Fighter)          Turns: 5853, Time: 00:22:11

Health: -1/100     AC: 24    Str: 18    XL:     8   Next: 24%
Magic:  12/12      EV:  2    Int:  8    God:
Gold:   108        SH: 11    Dex: 13    Spells: 13/13 levels left

rFire   . . .      SeeInvis .   a - +0 long sword
rCold   . . .      Faith    .   c - +0 buckler
rNeg    + + +      Spirit   .   (armour currently unavailable)
rPois   +          Reflect  +   (helmet currently unavailable)
rElec   .          Harm     .   (cloak currently unavailable)
rCorr   .          Rampage  .   (gloves currently unavailable)
Will    .....      NoTele   +   (boots currently unavailable)
Stlth   ++........              g - amulet of reflection
HPRegen 0.00/turn               (no ring)
MPRegen 0.13/turn               (no ring)

@: tree-form, inhibited regen
A: stationary, stasis, torment immunity, boosted hp, (fangs 1), strong nose,
distributed training, agile 1, (fire resistance 1), inhibited regeneration
a: no special abilities


You were on level 5 of the Dungeon.
You were a tree.
You visited 1 branch of the dungeon, and saw 5 of its levels.

You collected 108 gold pieces.

Inventory:

Hand Weapons
 a - a +0 long sword (weapon)
 s - a +1 trident of venom
 u - a +2 whip of venom
Missiles
 d - a throwing net
 o - 40 stones (quivered)
Armour
 c - a +0 buckler (worn)
 t - a +0 kite shield
 v - a +0 chain mail (melded)
Jewellery
 g - an amulet of reflection (around neck)
 h - a ring of magical power
Scrolls
 e - 4 scrolls of teleportation {unknown}
 f - 2 scrolls of enchant weapon {unknown}
 j - 3 scrolls of identify {unknown}
 m - a scroll of vulnerability {unknown}
 q - 3 scrolls of amnesia {unknown}
Potions
 b - a potion of mutation
 i - a potion of lignification
 k - a potion of invisibility {unknown}
 l - a potion of ambrosia {unknown}
 n - a potion of flight {unknown}
 p - 2 potions of degeneration {unknown}
 r - a potion of heal wounds {unknown}


   Skills:
 + Level 7.3 Fighting
 + Level 3.1 Short Blades
 + Level 5.6 Long Blades
 + Level 3.1 Axes
 + Level 3.1 Maces & Flails
 + Level 3.1 Polearms
 + Level 3.1 Staves
 + Level 3.1 Slings
 + Level 3.1 Bows
 + Level 3.1 Crossbows
 + Level 3.1 Throwing
 + Level 7.3 Armour
 + Level 3.1 Dodging
 + Level 3.1 Stealth
 + Level 7.3 Shields
 + Level 3.1 Unarmed Combat
 + Level 3.1 Spellcasting
 + Level 2.5 Conjurations
 + Level 2.5 Hexes
 + Level 2.5 Summonings
 + Level 2.5 Necromancy
 + Level 2.5 Translocations
 + Level 2.5 Transmutations
 + Level 2.5 Fire Magic
 + Level 2.5 Ice Magic
 + Level 2.5 Air Magic
 + Level 2.5 Earth Magic
 + Level 2.5 Poison Magic
 + Level 3.4 Invocations
 + Level 3.1 Evocations


You had 13 spell levels left.
You didn't know any spells.
Your spell library was empty.

Dungeon Overview and Level Annotations

Branches:
Dungeon (5/15)
 Temple: D:4-7

Altars:
Ashenzari
Uskayaw
Zin

Shops:
D:4 *

Annotations:
D:4 1 runed translucent door, Crazy Yiuf


Innate Abilities, Weirdness & Mutations

You are a tree.
Your roots penetrate the ground, keeping you stationary.
You cannot be teleported.
You are immune to unholy pain and torment.
Your maximum health is greatly increased.
Your equipment is partially melded.
((You have very sharp teeth.))
Your uncanny sense of smell can sniff out nearby items.
Your experience applies equally to all skills.
You are agile. (Dex +2)
((Your flesh is heat resistant. (rF+)))
You do not regenerate when monsters are visible.


Message History

The water moccasin is lightly wounded.
You feel very sick. The water moccasin bites you.
* * * LOW HITPOINT WARNING * * *
You hit the water moccasin but do no damage.
You bite the water moccasin, but do no damage.
The water moccasin is lightly wounded.
You feel sick. You block the water moccasin's attack.
The water moccasin bites you but does no damage.
You slash the water moccasin!
The water moccasin is heavily wounded.
You feel sick. The water moccasin bites you.
* * * LOW HITPOINT WARNING * * *
You miss the water moccasin.
The water moccasin is heavily wounded.
You feel sick. The water moccasin barely misses you.
The water moccasin bites you but does no damage.
You closely miss the water moccasin.
The water moccasin is heavily wounded.
You feel sick. You block the water moccasin's attack.
The water moccasin bites you.
* * * LOW HITPOINT WARNING * * *
It was a potion of lignification.
You turn into a tree.
Your +0 chain mail melds into your body.
Your roots penetrate the ground.
You feel sick. The water moccasin bites you.
* * * LOW HITPOINT WARNING * * *
It was a potion of mutation.
You feel extremely strange.
Your regeneration stops near monsters.
You feel agile.
You feel resistant to heat.
You feel sick.
You are no longer poisoned.
The water moccasin bites you but does no damage.
You hit the water moccasin but do no damage.
The water moccasin is heavily wounded.
You block the water moccasin's attack.
The water moccasin bites you but does no damage.
You miss the water moccasin.
The water moccasin is heavily wounded.
The water moccasin bites you!
You die...

#.# ######
..#######....#
..........##.#
.#######...<.# #########
.÷........#..# #........
###########.##.+........
########....##.#........
..........>....#S.......
###.#........###♣#
#.#........#...#
#.#...)....#.###
...........#.#
.......[.....#
..................#
..................#
.....#######.......#
#.......#


You could see a water moccasin.

Vanquished Creatures
  A black bear (D:5)
  4 ogres
  A phantom (D:5)
  A scorpion (D:5)
  A water moccasin skeleton (D:5)
  A hound (D:4)
  A gnoll shaman (D:3)
  Ijyb (D:3)
  Natasha (thrice) (D:4)
  A scorpion zombie (D:5)
  An orc wizard (D:4)
  2 hound skeletons
  8 gnolls
  2 adders
  An adder zombie (D:3)
  2 worms
  An adder skeleton (D:4)
  4 dart slugs
  9 orcs
  5 ball pythons
  3 giant cockroaches
  7 goblins
  4 hobgoblins
  6 jackals (D:2)
  6 kobolds
  3 quokkas
  4 bats
  4 frilled lizards
  10 rats
97 creatures vanquished.

Notes
Turn   | Place    | Note
-------+----------+-------------------------------------------
     0 | D:1      | siradein the Gnoll Fighter began the quest for the Orb.
     0 | D:1      | Reached XP level 1. HP: 23/23 MP: 1/1
   149 | D:1      | Found a faded altar of an unknown god.
   157 | D:1      | Reached XP level 2. HP: 29/29 MP: 2/2
   802 | D:2      | Reached XP level 3. HP: 33/35 MP: 3/3
  1143 | D:2      | Reached skill level 1 in Invocations
  1218 | D:2      | Reached skill level 1 in Short Blades
  1218 | D:2      | Reached skill level 1 in Axes
  1218 | D:2      | Reached skill level 1 in Maces & Flails
  1218 | D:2      | Reached skill level 1 in Polearms
  1218 | D:2      | Reached skill level 1 in Staves
  1218 | D:2      | Reached skill level 1 in Slings
  1218 | D:2      | Reached skill level 1 in Bows
  1218 | D:2      | Reached skill level 1 in Crossbows
  1218 | D:2      | Reached skill level 1 in Throwing
  1218 | D:2      | Reached skill level 1 in Dodging
  1218 | D:2      | Reached skill level 1 in Stealth
  1218 | D:2      | Reached skill level 1 in Unarmed Combat
  1218 | D:2      | Reached skill level 1 in Spellcasting
  1218 | D:2      | Reached skill level 1 in Evocations
  1447 | D:2      | Reached XP level 4. HP: 36/41 MP: 5/5
  2268 | D:3      | Noticed Ijyb
  2273 | D:3      | Paralysed by Ijyb for 3 turns
  2286 | D:3      | Paralysed by Ijyb for 2 turns
  2292 | D:3      | Paralysed by Ijyb for 4 turns
  2305 | D:3      | Killed Ijyb
  2306 | D:3      | Reached skill level 1 in Conjurations
  2306 | D:3      | Reached skill level 1 in Hexes
  2306 | D:3      | Reached skill level 1 in Summonings
  2306 | D:3      | Reached skill level 1 in Necromancy
  2306 | D:3      | Reached skill level 1 in Translocations
  2306 | D:3      | Reached skill level 1 in Transmutations
  2306 | D:3      | Reached skill level 1 in Fire Magic
  2306 | D:3      | Reached skill level 1 in Ice Magic
  2306 | D:3      | Reached skill level 1 in Air Magic
  2306 | D:3      | Reached skill level 1 in Earth Magic
  2306 | D:3      | Reached skill level 1 in Poison Magic
  2555 | D:4      | Found a broken altar of Ashenzari.
  2555 | D:4      | Noticed an ogre
  2563 | D:4      | Noticed an ogre
  2901 | D:3      | Reached XP level 5. HP: 19/47 MP: 5/7
  3521 | D:4      | Reached XP level 6. HP: 48/53 MP: 8/8
  3919 | D:4      | Noticed Natasha
  3930 | D:4      | Killed Natasha
  3941 | D:4      | Reached skill level 5 in Long Blades
  4149 | D:4      | Found Sama's General Store.
  4195 | D:4      | Found a runed translucent door.
  4196 | D:4      | Noticed Crazy Yiuf
  4231 | D:4      | Noticed Natasha
  4242 | D:4      | Killed Natasha
  4288 | D:4      | Found a glowing silver altar of Zin.
  4367 | D:4      | Noticed Natasha
  4373 | D:4      | Killed Natasha
  4469 | D:4      | Noticed a +0 hand axe
  4470 | D:4      | Noticed a +0 hand axe
  4473 | D:4      | Found a hide-covered altar of Uskayaw.
  4824 | D:4      | Reached XP level 7. HP: 59/59 MP: 10/10
  4889 | D:5      | Entered Level 5 of the Dungeon
  5507 | D:5      | Reached XP level 8. HP: 50/67 MP: 12/12
  5851 | D:5      | Gained mutation: You do not regenerate when monsters are
                  | visible. [potion of mutation]
  5851 | D:5      | Gained mutation: You are agile. (Dex +2) [potion of
                  | mutation]
  5851 | D:5      | Gained mutation: Your flesh is heat resistant. (rF+)
                  | [potion of mutation]
  5853 | D:5      | Slain by a water moccasin

Illustrated notes

Levels and vault maps discovered:
D:1:      lightli_arrival_isolated_outpost, layout_loops_cross,
          hellmonk_ecumenical_altar_crossroads, chequers_jeans
D:2:      layout_loops_corners
D:3:      layout_basic, serial_forest, infiniplex_forest_clump_diagonal,
          infiniplex_forest_straight_5, infiniplex_forest_zigzag_2,
          infiniplex_forest_corner_2, infiniplex_forest_straight_3,
          infiniplex_forest_lined_room_, uniq_ijyb
D:4:      layout_rooms, ashenzari_conservatory_becter, zin_treasury,
          dancing_weapons_uskayaw, serial_shops, shop,
          corexii_item_surrounded_by_moat, uniq_natasha, uniq_crazy_yiuf_cottage
D:5:      layout_basic, gammafunk_ghost_cemetery, uniq_pikel, uniq_eustachio

Skill      XL: |  1  2  3  4  5  6  7  8 |
---------------+-------------------------+-----
Invocations    | 1 2 3 |  3.4
Short Blades   | 1 2 3 |  3.1
Axes           | 1 2 3 |  3.1
Maces & Flails | 1 2 3 |  3.1
Polearms       | 1 2 3 |  3.1
Staves         | 1 2 3 |  3.1
Slings         | 1 2 3 |  3.1
Bows           | 1 2 3 |  3.1
Crossbows      | 1 2 3 |  3.1
Throwing       | 1 2 3 |  3.1
Dodging        | 1 2 3 |  3.1
Stealth        | 1 2 3 |  3.1
Unarmed Combat | 1 2 3 |  3.1
Spellcasting   | 1 2 3 |  3.1
Evocations     | 1 2 3 |  3.1
Conjurations   | 1 2 |  2.5
Hexes          | 1 2 |  2.5
Summonings     | 1 2 |  2.5
Necromancy     | 1 2 |  2.5
Translocations | 1 2 |  2.5
Transmutations | 1 2 |  2.5
Fire Magic     | 1 2 |  2.5
Ice Magic      | 1 2 |  2.5
Air Magic      | 1 2 |  2.5
Earth Magic    | 1 2 |  2.5
Poison Magic   | 1 2 |  2.5
Long Blades    | 5 |  5.6
Fighting       | 7 |  7.3
Armour         | 7 |  7.3
Shields        | 7 |  7.3

Action                   |  1- 3 |  4- 6 |  7- 9 || total
-------------------------+-------+-------+-------++-------
Melee: Long sword        |   114 |    96 |    22 ||   232
       Bite              |     9 |    15 |    13 ||    37
       Whip              |       |    47 |       ||    47
       Trident           |       |    32 |    63 ||    95
Throw: Stone             |       |    14 |    18 ||    32
  Use: Potion            |       |     1 |     2 ||     3
Armor: Scale mail        |    34 |    45 |    21 ||   100
       Chain mail        |       |       |     5 ||     5
       Skin              |       |       |     2 ||     2
Dodge: Dodged            |    37 |    64 |    28 ||   129
Block: Buckler           |    59 |    78 |    35 ||   172
       Reflection        |     1 |     3 |     1 ||     5
       Kite shield       |       |    19 |       ||    19

Table legend: (Time is in decaauts)
 A = Elapsed time spent in this place.
 B = Non-inter-level travel time spent in this place.
 C = Inter-level travel time spent in this place.
 D = Time resting spent in this place.
 E = Time spent auto-exploring this place.
 F = Levels seen in this place.
 G = Mean time per level.
                   A        B        C        D        E       F      G
               +--------+--------+--------+--------+--------+-----+--------+
         Total |   5932 |   5648 |    284 |    711 |   3695 |   5 | 1186.4 |
       Dungeon |   5932 |   5648 |    284 |    711 |   3695 |   5 | 1186.4 |
               +--------+--------+--------+--------+--------+-----+--------+

Top non-repeatable levels by time:
     D:3: 1628 daAuts
     D:4: 1549 daAuts
     D:2: 1177 daAuts
     D:5: 831 daAuts
     D:1: 746 daAuts
